 Dungeon Crawl Stone Soup version 0.30.1-4-g462c640d31 (webtiles) character file.

Game seed: 9727143615628901541

4 flappity the Magician (level 1, -2/15 HPs)
             Began as a Djinni Hedge Wizard on Sept 10, 2023.
             Slain by an endoplasm (3 damage)
             ... on level 1 of the Dungeon.
             The game lasted 00:00:24 (67 turns).

flappity the Magician (Djinni Hedge Wizard)           Turns: 67, Time: 00:00:25

Health: -2/15      AC:  2    Str:  9    XL:     1   Next: 66%
Gold:   28         EV: 12    Int: 15    God:
                   SH:  0    Dex: 12

rFire   + + .        a - +0 dagger
rCold   x . .        (no shield)
rNeg    . . .        b - +0 robe
rPois   ∞            c - +0 hat
rElec   .            (no cloak)
rCorr   .            (no gloves)
SInv    .            (boots unavailable)
Will    .....        (no amulet)
Stlth   ++           (no ring)
HPRegen 0.22/turn    (no ring)
MPRegen 0.00/turn

%: infuse magic (-3 HP)
@: flying
A: sickness immunity, fire resistance 2, cold vulnerability 1, float, innate
caster, HP casting, extra vitality 1
a: no special abilities


You were on level 1 of the Dungeon.
You visited 1 branch of the dungeon, and saw 1 of its levels.

You collected 28 gold pieces.


Innate Abilities, Weirdness & Mutations

You are immune to sickness and miasma.
You are immune to poison.
Your flesh is very heat resistant. (rF++)
You are vulnerable to cold. (rC-)
You float through the air rather than walking.
You learn spells naturally, not from books.
Your magical power is your life essence.
You have superior vitality. (+4 MHP)


   Skills:
 + Level 2.3 Dodging
 + Level 1.7 Stealth
 + Level 2.4 Spellcasting


You knew the following spells:

 Your Spells              Type           Power      Damage    Failure   Level
a - Magic Dart            Conj           36%        1d4       8%          1
b - Blink                 Tloc           18%        N/A       12%         2
c - Call Imp              Summ           18%        N/A       12%         2
s - Slow                  Hex            36%        N/A       8%          1
x - Mephitic Cloud        Conj/Pois/Air  9%         N/A       22%         3
Your spell library was empty.

Inventory:

Hand Weapons
 a - a +0 dagger (weapon)
Armour
 b - a +0 robe (worn)
 c - a +0 hat (worn)


Message History

The frilled lizard hisses angrily.
You take 1 damage.
Cast which spell? (? or * to list)
Aiming: Magic Dart (safe; 8% risk of failure)
Press: ? - help, Shift-Dir - straight line, f - quokka
Aim: a quokka (100% to hit)
The magic dart hits the quokka but does no damage.
An endoplasm comes into view.
You take 1 damage.
Cast which spell? (? or * to list)
Aiming: Magic Dart (safe; 8% risk of failure)
Press: ? - help, Shift-Dir - straight line, f/p - quokka
Aim: a quokka (100% to hit)
The magic dart hits the quokka but does no damage.
You hit the quokka.
The quokka is heavily wounded.
The quokka misses you.
You hit the quokka.
The quokka is severely wounded.
The quokka barely misses you.
You miss the quokka.
The quokka is severely wounded.
The quokka bites you. The quokka closely misses you.
You take 5 damage.
You hit the quokka but do no damage.
The quokka is severely wounded.
The quokka barely misses you.
You hit the quokka.
You kill the quokka!
The frilled lizard unfolds its giant frill.
Unknown command.
Unknown command.
Cast which spell? (? or * to list)
You don't know that spell.
Sorry, you're not good enough to have a special ability.
Unknown command.
You hit the endoplasm but do no damage. The endoplasm hits you.
You take 1 damage.
You hit the endoplasm.
The endoplasm is lightly wounded.
The endoplasm barely misses you.
You barely miss the endoplasm.
The endoplasm is lightly wounded.
The endoplasm freezes you.
You are frozen.
You feel a terrible chill!
You take 6 damage.
You hit the endoplasm but do no damage.
The endoplasm is lightly wounded.
The endoplasm hits you.
You die... ▒▒ ▒▒▒▒▒▒▒▒▒▒▒ ∙∙ ▒▒≈≈▒∙∙▒∙∙▒≈▒≈▒▒∙▒ ▒≈≈~▒∙∙∙∙∙∙~≈≈▒▒∙▒ ▒~~∙∙∞∙∙∙∙∙∙~~▒▒∙▒ ▒▒∙∙∙∙∙∙∙∙∙∙∙≈▒▒∙▒ ~∙∙∙∙∙≈~~[∙∙∙∙≈▒∙▒ ▒∙ ∙∙∙∙∙~∙∙∙~∙∙∙∙∙▒∙▒ ∙J∙ ∙∙∙∙∙~∙<∙~∙∙∙∙∙R∙▒ l∙∙

∙∙∙∙∙~∙∙∙~∙∙∙∙∙▒J▒ ∙?▒▒▒
≈∙∙∙∙∙~~~∙∙∙∙∙~▒l▒▒∙∙∙∙∙∙
▒▒∙∙∙∙∙∙∙∙∙∙∙~▒▒∙∙∙∙∙▒
▒≈~∙∙∙∙∙∙∙∙∙~≈▒▒▒▒▒▒∙▒
▒▒▒~▒∙∙∙▒∙∙≈~≈▒
▒▒▒▒▒∙▒▒≈~▒≈▒ ▒▒▒▒▒▒▒▒▒


You could see an endoplasm and a frilled lizard.

Vanquished Creatures
  A hobgoblin (D:1)
  A jackal (D:1)
  A quokka (D:1)
3 creatures vanquished.

Notes
Turn   | Place    | Note
-------+----------+-------------------------------------------
     0 | D:1      | flappity the Djinni Hedge Wizard began the quest for the
                  | Orb.
     0 | D:1      | flappity set off with the following spells memorised: Magic
                  | Dart, Slow, Blink, Call Imp, Mephitic Cloud.
     0 | D:1      | Reached XP level 1. HP: 15/15 MP: 0/0
    66 | D:1      | HP: 1/15 [frozen (6)]
    67 | D:1      | Slain by an endoplasm

Levels and vault maps discovered:
D:1:      enne_arrival_octagon_isle, layout_basic

Action                     || total
---------------------------++-------
  Melee: Dagger            ||    13
   Cast: Magic Dart        ||     9
  Dodge: Dodged            ||     7
